 Dungeon Crawl Stone Soup version 0.29.0-11-gd7f09526c8 (webtiles) character file.

Game seed: 7377355181579855585

62713 Anothat the Warrior (level 15, -7/105 HPs)
             Began as a Gargoyle Fighter on Sept 3, 2022.
             Was a High Priest of the Shining One.
             Mangled by a white very ugly thing (20 damage)
             ... on level 14 of the Dungeon.
             The game lasted 00:47:09 (25065 turns).

Anothat the Warrior (Gargoyle Fighter)             Turns: 25065, Time: 00:47:10

Health: -7/105     AC: 32    Str: 22    XL:     15   Next: 7%
Magic:  0/21       EV:  6    Int: 11    God:    the Shining One [*****.]
Gold:   1625       SH: 10    Dex:  9    Spells: 14/14 levels left

rFire   . . .      SeeInvis .   I - +3 morningstar (flame)
rCold   + . .      Faith    .   B - +0 kite shield
rNeg    + + +      Spirit   +   N - +0 plate armour
rPois   ∞          Reflect  .   (no helmet)
rElec   +          Harm     .   O - +0 cloak of Uraofefa {rElec rCorr Str-3}
rCorr   +          Rampage  .   h - +1 pair of gloves
Will    +....                   p - +0 pair of boots
Stlth   ..........              V - amulet of guardian spirit
HPRegen 0.27/turn               n - ring of ice
MPRegen 0.17/turn               a - ring of protection from fire

@: flying, glowing, studying Armour
A: sickness immunity, AC +11, big wings, negative energy resistance 1,
electricity resistance, torment resistance 1, petrification resistance
a: Renounce Religion, Divine Shield, Cleansing Flame, Summon Divine Warrior


You were on level 14 of the Dungeon.
You worshipped the Shining One.
The Shining One was extremely pleased with you.
You visited 3 branches of the dungeon, and saw 20 of its levels.
You also visited: Ossuary and Volcano.

You collected 1632 gold pieces.
You donated 7 gold pieces to Zin.

Inventory:

Hand Weapons
 H - a +3 flail of holy wrath
 I - a +3 morningstar of flaming (weapon)
 K - a +1 great mace of flaming
Missiles
 t - 2 throwing nets
 u - 8 boomerangs (quivered)
Armour
 h - a +1 pair of gloves (worn)
 p - a +0 pair of boots (worn)
 B - a +0 kite shield (worn)
 N - a +0 plate armour (worn)
 O - the +0 cloak of Uraofefa (worn) {rElec rCorr Str-3}
   (You acquired it on level 9 of the Dungeon)

   Str:       It affects your strength (-3).
   rElec:     It insulates you from electricity.
   rCorr:     It protects you from acid and corrosion.
Jewellery
 a - a ring of protection from fire (right hand)
 i - a ring of willpower
 j - a ring of protection from fire
 n - a ring of ice (left hand)
 M - a +6 ring of strength
 V - an amulet of guardian spirit (around neck)
Wands
 r - a wand of flame (38)
 J - a wand of iceblast (15)
 T - a wand of paralysis (4)
 W - a wand of polymorph (4)
Scrolls
 c - a scroll of fear
 e - 12 scrolls of identify
 f - 5 scrolls of enchant armour
 g - 3 scrolls of magic mapping
 o - 6 scrolls of butterflies
 x - a scroll of immolation
 y - 6 scrolls of teleportation
 R - 3 scrolls of brand weapon
 S - a scroll of amnesia
 X - 3 scrolls of poison
 Z - 2 scrolls of enchant weapon
Potions
 d - 8 potions of might
 k - 8 potions of lignification
 l - 4 potions of brilliance
 q - a potion of invisibility {unknown}
 w - a potion of ambrosia
 C - 3 potions of resistance
 D - 5 potions of curing
 F - a potion of mutation
 G - 4 potions of magic
 L - 2 potions of cancellation
 P - 2 potions of attraction
 Q - 2 potions of berserk rage {unknown}
 U - 2 potions of haste {unknown}
 Y - 3 potions of heal wounds
Miscellaneous
 b - a condenser vane


   Skills:
 * Level 16.7 Fighting
 + Level 16.4 Maces & Flails
 - Level 12.7 Armour
 + Level 9.7 Shields
 - Level 9.0 Invocations


You had 14 spell levels left.
You didn't know any spells.
Your spell library contained the following spells:

 Spells                   Type           Power      Damage    Failure   Level
 Foxfire                  Conj/Fire      0%         2x1d4     100%        1
 Magic Dart               Conj           0%         1d3       100%        1
 Sting                    Tmut/Pois      0%         1d3       100%        1
 Poisonous Vapours        Pois/Air       0%         N/A       100%        2
 Searing Ray              Conj           0%         2d4       100%        2
 Confusing Touch          Hex            0%         N/A       100%        3
 Conjure Flame            Conj/Fire      0%         6-21      100%        3
 Inner Flame              Hex/Fire       0%         N/A       100%        3
 Tukima's Dance           Hex            0%         N/A       100%        3
 Flame Wave               Conj/Fire      0%         2d4       100%        4
 Fulminant Prism          Conj/Hex       0%         3d6       100%        4
 Olgreb's Toxic Radiance  Pois           0%         N/A       100%        4
 Passage of Golubria      Tloc           0%         N/A       100%        4
 Alistair's Intoxication  Tmut/Pois      0%         N/A       100%        5
 Borgnjor's Vile Clutch   Necr/Erth      0%         N/A       100%        5
 Freezing Cloud           Conj/Ice/Air   0%         6-21      100%        5
 Yara's Violent Unravell  Hex/Tmut       0%         3d3       100%        5
 Eringya's Noxious Bog    Tmut/Pois      0%         N/A       100%        6
 Simulacrum               Ice/Necr       0%         N/A       100%        6
 Enfeeble                 Hex            0%         N/A       100%        7
 Polar Vortex             Ice            0%         N/A       100%        9


Dungeon Overview and Level Annotations

Branches:
Dungeon (14/15)            Temple (0/1) D:4            Lair (5/5) D:9
 Shoals (0/4) Lair:3        Snake (0/4) Lair:2        Slime (0/5) Lair:5
    Orc (1/2) D:10         Vaults (0/5) D:13        Ossuary (visited)
Volcano (visited)

Altars:
Ashenzari
Cheibriados
Elyvilon
Fedhas
Gozag
Makhleb
Nemelex Xobeh
Ru
Sif Muna
Trog
Vehumet
Zin
The Shining One

Shops:
D:13 :   D:14 =

Portals:
Trove: D:10 (give +3 fire dragon scales)
Ice
Cave: D:14

Annotations:
D:5 3 runed translucent doors, Nebesus's ghost, novice NaNe
D:8 2 runed translucent doors, Gekot's ghost, novice DEFE
D:12 1 runed translucent door, ioannis32's ghost, journeyman DsBe
D:13 1 runed translucent door


Innate Abilities, Weirdness & Mutations

You are immune to sickness and miasma.
Your stone body is resilient. (AC +11)
You are immune to poison.
Your large and strong wings let you fly.
You resist negative energy. (rN+)
You are resistant to electric shocks. (rElec)
You are resistant to unholy torment.
You are immune to petrification.


Message History

The white ugly thing punches you but does no damage.
You sock the white ugly thing! You burn the white ugly thing.
The white ugly thing is severely wounded.
A white very ugly thing comes into view.
The white ugly thing barely misses you. x2
You impale the white ugly thing!! You burn the white ugly thing!
You kill the white ugly thing!
You hit the white ugly thing. You burn the white ugly thing.
The white ugly thing is lightly wounded.
You block the white ugly thing's attack.
You hit the white ugly thing. You burn the white ugly thing.
The white ugly thing is lightly wounded.
The white ugly thing punches you. The white ugly thing freezes you! You resist.
The white ugly thing attacks as you move away!
The white ugly thing punches you! The white ugly thing freezes you! You resist.
* * * LOW HITPOINT WARNING * * *
The white ugly thing basks in the mutagenic energy from its kin and changes!
You are too injured to fight recklessly!
Okay, then.
You feel much better.
The white ugly thing punches you but does no damage.
You completely miss the white ugly thing.
The white ugly thing is lightly wounded.
You block the white ugly thing's attack.
You hit the white ugly thing. You burn the white ugly thing.
The white ugly thing is lightly wounded.
The red ugly thing basks in the mutagenic energy from its kin and changes!
The white ugly thing basks in the mutagenic energy from its kin and changes!
The green ugly thing basks in the mutagenic energy from its kin and changes!
The white very ugly thing attacks as you move away!
The white very ugly thing gores you! The white very ugly thing freezes you!
You resist.
* * * LOW HITPOINT WARNING * * *
Things that are here:
an ugly thing corpse; an ugly thing corpse The white very ugly thing attacks as you move away!
The white very ugly thing gores you!
* * * LOW HITPOINT WARNING * * *
The white very ugly thing freezes you!! You resist.
You die...

#..).........#
#.#.........##
#..........##
#.(..†.u####
#.......#
#.#.†#..#
#########
###.#.##..#
.....#..
..#...u...#
####.#.#
#.###@#####
####.#†#####.# #.#
#.........##.# #†#
..##†#†##.##.###.#
.....#.##........#
######.......#####
#########


You could see a white very ugly thing.

Vanquished Creatures
  A dire elephant (Lair:5)
  7 hydras
  3 catoblepae
  A boulder beetle (D:14)
  A centaur warrior (D:14)
  A dancing weapon (D:13)
  4 two-headed ogres
  A tengu warrior (D:13)
  8 death yaks
  A slime creature (D:13)
  A deep troll shaman (Lair:5)
  Urug (Lair:5)
  A fire crab (Volcano)
  A lindwurm (Volcano)
  3 deep elf pyromancers
  11 ugly things
  A cyclops (D:14)
  4 elephants
  A manticore (D:11)
  5 black mambas
  5 cane toads
  3 unseen horrors
  2 rime drakes
  8 komodo dragons
  A tengu conjurer (D:13)
  An efreet (D:14)
  A troll (shapeshifter) (D:13)
  5 trolls
  2 polar bears
  A polar bear (shapeshifter) (D:13)
  12 blink frogs
  A centaur simulacrum (D:14)
  67 yaks
  5 wyverns
  A wraith (D:11)
  5 fire bats
  A fire elemental (Orc:1)
  A steam dragon (Volcano)
  7 basilisks
  6 vampire mosquitoes (D:11)
  Edmund (D:5)
  A naga (Lair:2)
  Duvessa (D:4)
  2 acid dragons (D:10)
  3 hell hounds (Volcano)
  13 water moccasins
  6 orc warriors
  2 sky beasts (D:7)
  5 black bears
  An ice beast (D:7)
  19 wolves
  3 ogres
  10 centaurs
  A phantom (D:6)
  3 kobold brigands
  8 necrophages
  6 bullfrogs
  9 scorpions
  6 water moccasin zombies (Ossuary)
  Dowan (D:4)
  8 wights (D:8)
  2 jellies
  A killer bee (D:9)
  8 howler monkeys
  2 electric eels (Lair:3)
  A lava snake (Orc:1)
  6 hounds
  2 gnoll boudas
  4 orc priests
  Ijyb (D:5)
  4 iguanas
  8 orc wizards
  A boggart simulacrum (D:14)
  3 mummies
  9 gnolls
  8 adders
  2 shadow imps
  A white imp (D:5)
  An ufetubus (D:5)
  3 adder zombies (Ossuary)
  A worm (D:2)
  2 dart slugs
  37 orcs
  8 ball pythons
  7 bats
  9 endoplasms
  2 giant cockroaches
  3 goblins
  7 hobgoblins
  20 kobolds
  6 quokkas
  2 frilled lizards (D:1)
  4 gnoll zombies (Ossuary)
  6 hobgoblin zombies
  6 kobold zombies
  3 orc zombies (Ossuary)
  7 rats
498 creatures vanquished.

Vanquished Creatures (collateral kills)
  Snorg (D:13)
  A dancing weapon (D:13)
  5 nagas (Lair:2)
7 creatures vanquished.

Vanquished Creatures (others)
  48 fungi
  68 plants
116 creatures vanquished.

Grand Total: 621 creatures vanquished

Notes
Turn   | Place    | Note
-------+----------+-------------------------------------------
     0 | D:1      | Anothat the Gargoyle Fighter began the quest for the Orb.
     0 | D:1      | Reached XP level 1. HP: 14/14 MP: 1/1
    50 | D:1      | Reached XP level 2. HP: 19/19 MP: 2/2
   693 | D:1      | Reached XP level 3. HP: 23/24 MP: 3/3
   904 | D:1      | Found a faded altar of an unknown god.
   921 | D:1      | Prayed at the altar of an unknown god.
   921 | D:1      | Became a worshipper of Zin the Law-Giver
   921 | D:1      | Reached * piety under Zin
  1208 | D:2      | Reached XP level 4. HP: 25/29 MP: 4/4
  1542 | D:2      | Reached ** piety under Zin
  1812 | D:3      | Reached XP level 5. HP: 31/34 MP: 5/5
  2058 | D:3      | Found a glowing golden altar of the Shining One.
  2160 | D:3      | Fell from the grace of Zin
  2160 | D:3      | Became a worshipper of the Shining One
  2875 | D:4      | Found a staircase to the Ecumenical Temple.
  2919 | D:4      | Reached skill level 5 in Maces & Flails
  2988 | D:4      | Reached * piety under the Shining One
  2991 | D:4      | Reached XP level 6. HP: 40/40 MP: 6/6
  3000 | D:4      | Found a sand-covered staircase.
  3010 | Ossuary  | Entered an ossuary
  3039 | Ossuary  | Reached skill level 5 in Fighting
  3065 | Ossuary  | Reached ** piety under the Shining One
  3207 | Ossuary  | Reached XP level 7. HP: 43/44 MP: 7/7
  3254 | Ossuary  | Reached *** piety under the Shining One
  3404 | D:4      | Found a blossoming altar of Fedhas.
  3543 | D:4      | Found a broken altar of Ashenzari.
  3545 | D:4      | Noticed Dowan
  3546 | D:4      | Noticed Duvessa
  3568 | D:4      | Killed Duvessa
  3580 | D:4      | Killed Dowan
  3614 | D:4      | Reached XP level 8. HP: 52/52 MP: 8/8
  3913 | D:4      | Found a glowing silver altar of Zin.
  3913 | D:4      | Noticed an angel
  4074 | D:5      | Entered Level 5 of the Dungeon
  4083 | D:5      | Identified the +4 sling of an ossuary {vorpal, rCorr Str-2
                  | Int+5 Dex+4}
  4207 | D:5      | Found a white marble altar of Elyvilon.
  4207 | D:5      | Found a sacrificial altar of Ru.
  4276 | D:5      | Noticed Edmund
  4295 | D:5      | Killed Edmund
  4660 | D:5      | Found a burning altar of Makhleb.
  4869 | D:5      | Found a radiant altar of Vehumet.
  5012 | D:5      | Found a runed translucent gate.
  5013 | D:5      | Found a runed translucent gate.
  5014 | D:5      | Found a runed translucent gate.
  5016 | D:5      | Noticed Ijyb
  5035 | D:5      | Killed Ijyb
  5119 | D:5      | Noticed Nebesus's ghost (novice NaNe)
  5631 | D:6      | Reached XP level 9. HP: 56/59 MP: 9/9
  5915 | D:5      | Identified a scroll of acquirement
  5915 | D:5      | Acquired a manual of Armour
  5969 | D:6      | Found a snail-covered altar of Cheibriados.
  6404 | D:6      | Found a bloodstained altar of Trog.
  6530 | D:6      | Reached **** piety under the Shining One
  6567 | D:6      | Reached skill level 10 in Maces & Flails
  6819 | D:6      | Reached skill level 5 in Armour
  6931 | D:7      | Found an opulent altar of Gozag.
  7424 | D:7      | Found a shimmering blue altar of Sif Muna.
  7767 | D:8      | Found a large runed translucent door.
  7767 | D:8      | Found a large runed translucent door.
  7768 | D:8      | Noticed Gekot's ghost (novice DEFE)
  7817 | D:8      | Identified the +6 great sword "Eforchoc" {antimagic, rN+}
  7884 | D:8      | Reached XP level 10. HP: 65/66 MP: 10/10
  8646 | D:9      | Found a staircase to the Lair.
  8673 | D:9      | Reached skill level 1 in Invocations
  8820 | D:9      | Found a sparkling altar of Nemelex Xobeh.
  8978 | D:9      | Reached ***** piety under the Shining One
  9194 | D:9      | Reached skill level 10 in Fighting
  9618 | D:9      | Noticed a two-headed ogre
  9624 | D:9      | Killed a two-headed ogre
  9625 | D:9      | Reached XP level 11. HP: 72/72 MP: 13/13
  9689 | D:9      | Acquired the +0 cloak of Uraofefa {rElec rCorr Str-3}
  9735 | D:10     | Entered Level 10 of the Dungeon
 10083 | D:10     | Found a portal to a secret trove of treasure.
 10383 | D:10     | Found a staircase to the Orcish Mines.
 10839 | Lair:1   | Entered Level 1 of the Lair of Beasts
 10851 | D:9      | Reached skill level 10 in Armour
 11175 | Lair:1   | Noticed a seven-headed hydra
 11499 | D:9      | Killed a seven-headed hydra
 11506 | D:9      | Reached skill level 5 in Invocations
 12009 | Lair:1   | Noticed a four-headed hydra
 12031 | Lair:1   | Killed a four-headed hydra
 12032 | Lair:1   | Reached XP level 12. HP: 27/80 MP: 16/16
 13113 | Lair:2   | Found a dark tunnel.
 13147 | Volcano  | Entered a volcano
 13735 | Lair:2   | Found a staircase to the Snake Pit.
 13735 | Lair:2   | Noticed a four-headed hydra
 13752 | Lair:2   | Killed a four-headed hydra
 14207 | Lair:2   | Noticed a death yak
 14232 | Lair:2   | Killed a death yak
 14240 | Lair:2   | Noticed a death yak
 14240 | Lair:2   | Noticed a death yak
 14248 | Lair:2   | Noticed a death yak
 14263 | Lair:2   | Killed a death yak
 14281 | Lair:2   | Killed a death yak
 14295 | Lair:2   | Killed a death yak
 15075 | Lair:3   | Reached XP level 13. HP: 54/87 MP: 18/18
 15313 | Lair:3   | Reached skill level 5 in Shields
 15334 | Lair:3   | Found a staircase to the Shoals.
 16803 | Lair:4   | Reached skill level 15 in Maces & Flails
 17602 | Lair:5   | Entered Level 5 of the Lair of Beasts
 18060 | Lair:5   | Noticed Urug
 18075 | Lair:5   | Killed Urug
 18781 | Lair:5   | Found a staircase to the Slime Pits.
 18843 | Lair:4   | Gained mutation: Your large and strong wings let you fly.
                  | [Gargoyle growth]
 18843 | Lair:4   | Reached XP level 14. HP: 34/96 MP: 17/20
 19825 | Lair:5   | Noticed a dire elephant
 19832 | Lair:5   | Reached skill level 15 in Fighting
 19841 | Lair:5   | HP: 1/98 [dire elephant (24)]
 19866 | Lair:5   | Killed a dire elephant
 20547 | Orc:1    | Entered Level 1 of the Orcish Mines
 22216 | D:12     | Noticed ioannis32's ghost (journeyman DsBe)
 22451 | D:12     | Found a runed translucent door.
 23343 | D:13     | Found Cedoesh's Book Boutique.
 23419 | D:13     | Noticed Snorg
 23462 | D:13     | Killed Snorg
 23954 | D:13     | Found a gate to the Vaults.
 24296 | D:13     | Found the ring of the Tortoise {AC+8}
 24296 | D:13     | Found the +4 skin of Zhor {*Englaciate rC+++ SInv}
 24297 | D:13     | Found a runed translucent door.
 24299 | D:13     | Noticed a frost giant
 24299 | D:13     | Noticed a frost giant
 24480 | D:14     | Found Zudyj's Jewellery Boutique.
 25001 | D:14     | Reached XP level 15. HP: 76/105 MP: 19/21
 25041 | D:14     | Found a frozen archway.
 25065 | D:14     | Mangled by a white very ugly thing

Illustrated notes

Levels and vault maps discovered:
D:1:      tarquinn_simple_flora_water_d, layout_loops_ring,
          shapermc_ecumenical_altar_mp_urbaneastern
D:2:      layout_rooms
D:3:      layout_basic, mainiacjoe_overflow_brackets
D:4:      layout_loops_ring, ashenzari_conservatory_becter, zin_angel,
          lemuel_crystal_altar, temple_green, nicolae_ossuary_entry_giza,
          chequers_serial_rivers_micro_c, uniq_duvessa
D:5:      layout_gridville, lightli_temple_of_fire,
          gammafunk_temple_overflow_pools, gammafunk_ghost_necromancy,
          minmay_ruined_shrine, uniq_edmund, uniq_ijyb
D:6:      layout_basic, kennysheep_mini, overflow_temple_1_default
D:7:      layout_rooms, mainiacjoe_overflow_concentric_impassable,
          grunt_gozag_breadcrumbs
D:8:      layout_cave_pools, ebering_ghost_disaster_area, minivault_26
D:9:      layout_irregular_city, nemelex_spade_bored_becter,
          due_lair_maze_entry_diamond, minmay_fractal_squares_5
D:10:     layout_roguey, orc_0_dummy, enter_trove_2, kennysheep_generic_room_3
D:11:     layout_basic
D:12:     layout_long_grid, hellmonk_ghost_big_iron
D:13:     minmay_gate_of_8, layout_rooms, erik_vaults_1, serial_shops,
          nicolae_square_shop, uniq_snorg
D:14:     layout_loops_cross, portal_ice_cave_entry_ugly_swarm, serial_shops,
          nicolae_diamond_shop, nicolae_uskayaw_en_pointe
Lair:1:   layout_gridlike, hangedman_lair_generics_rect
Lair:2:   layout_roguey, minmay_snake_entry_guardpost_large,
          nicolae_volcano_entry_batcave, roderic_carrion_pond,
          grunt_megastairs_3
Lair:3:   layout_cave_pods, minmay_shoals_entry_centaurs, serial_bayou_shore_a
Lair:4:   layout_roguey
Lair:5:   grunt_lair_end_beastmaster, layout_gridlike, slime_entry_1,
          nicolae_lair_lil_pond, kennysheep_basilisk_garden, uniq_urug
Orc:1:    nicolae_orc_accident_1, layout_diamond_mine, nicolae_orc_lava_tube

Skill      XL: |  1  2  3  4  5  6  7  8  9 10 11 12 13 14 |
---------------+-------------------------------------------+-----
Maces & Flails | 3 4 5 6 7 9 10 12 13 14 15 16 | 16.4
Fighting       | 4 5 6 7 9 10 11 12 14 16 | 16.7
Armour         | 7 9 11 12 | 12.7
Invocations    | 3 5 7 9 |  9.0
Shields        | 4 7 9 |  9.7

Action                   |  1- 3 |  4- 6 |  7- 9 | 10-12 | 13-15 || total
-------------------------+-------+-------+-------+-------+-------++-------
Melee: Flail             |   114 |   189 |   363 |    50 |       ||   716
       Morningstar       |       |       |       |   540 |   743 ||  1283
Throw: Boomerang         |       |       |       |       |     1 ||     1
Invok: Divine Shield     |       |       |     2 |     4 |     3 ||     9
       Summon Divine War |       |       |       |     1 |     1 ||     2
       Cleansing Flame   |       |       |       |       |     1 ||     1
Evoke: Wand              |       |       |     2 |     8 |     6 ||    16
  Use: Potion            |       |       |     4 |     2 |     8 ||    14
       Scroll            |       |       |    14 |    14 |     1 ||    29
Armor: Scale mail        |    61 |    91 |    16 |       |       ||   168
       Chain mail        |       |       |   190 |   113 |       ||   303
       Skin              |       |       |    11 |       |       ||    11
       Plate armour      |       |       |       |   451 |   520 ||   971
Dodge: Dodged            |    57 |    80 |   128 |   186 |   118 ||   569
Block: Buckler           |    22 |    37 |    79 |    96 |       ||   234
       Kite shield       |       |       |       |    89 |   305 ||   394
